 Dungeon Crawl Stone Soup version 0.31.0-11-ge490571c62 (webtiles) character file.

Game seed: 8565705646507285056

19 mopl the Trooper (level 2, -5/24 HPs)
             Began as a Merfolk Fighter on Jan 31, 2024.
             Killed from afar by Sigmund (7 damage)
             ... with a magic dart
             ... on level 2 of the Dungeon.
             The game lasted 00:00:47 (672 turns).

mopl the Trooper (Merfolk Fighter)                   Turns: 672, Time: 00:00:48

Health: -5/24      AC:  6    Str: 16    XL:     2   Next: 75%
Magic:  2/2        EV:  9    Int:  7    God:
Gold:   10         SH:  4    Dex: 13    Spells: 1/1 levels left

rFire   . . .        b - +1 dagger (venom)
rCold   . . .        c - +0 buckler
rNeg    . . .        f - +0 scale mail
rPois   .            (no helmet)
rElec   .            (no cloak)
rCorr   .            (no gloves)
SInv    .            (no boots)
Will    .....        (no amulet) Stlth
                     (no ring)
HPRegen 0.24/turn    (no ring)
MPRegen 0.08/turn

%: no passive effects
@: no status effects
A: (nimble swimmer 2), mertail
a: no special abilities


You were on level 2 of the Dungeon.
You visited 1 branch of the dungeon, and saw 2 of its levels.

You collected 10 gold pieces.

Inventory:

Hand Weapons
 a - a +0 long sword
 b - a +1 dagger of venom (weapon)
Armour
 c - a +0 buckler (worn)
 f - a +0 scale mail (worn)
Scrolls
 e - a scroll of identify {unknown}
Potions
 d - a potion of might
 g - a potion of invisibility {unknown}
 h - a potion of curing {unknown}


   Skills:
 + Level 3.5 Fighting
 * Level 3.1 Long Blades
 + Level 2.3 Armour
 + Level 1.1 Dodging
 - Level 3.0 Shields


You had one spell level left.
You didn't know any spells.
Your spell library contained the following spells:

 Spells                   Type           Power      Damage    Failure   Level
 Ensorcelled Hibernation  Hex/Ice        0%         N/A       97%         2
 Passwall                 Erth           0%         N/A       100%        3
 Swiftness                Air            0%         N/A       100%        3


Dungeon Overview and Level Annotations

Branches:
Dungeon (2/15)

Altars:

Annotations:
D:2 Sigmund


Innate Abilities, Weirdness & Mutations

((You are very nimble when in or above water. (Stealth+, EV+, Speed+++)))
Your lower body shifts to a powerful aquatic tail in water.


Message History

You are confused.
You are too confused!
You are too confused!
You are too confused!
You are too confused!
Sigmund screams, "Only death can liberate you!"
Sigmund barely misses you.
You miss Sigmund.
Sigmund is moderately wounded.
Sigmund closely misses you.
Sigmund looks more healthy.
Sigmund hits you from afar with a +0 scythe!
You hit Sigmund.
Sigmund is moderately wounded.
You feel less confused. Sigmund hits you but does no damage.
You hit Sigmund but do no damage.
Sigmund is poisoned.
Sigmund is moderately wounded.
Sigmund breathes a few words.
Sigmund's hands start flickering wildly.
Sigmund casts a spell at you. The magic dart hits you.
* * * LOW HITPOINT WARNING * * *
You hit Sigmund.
Sigmund looks even sicker.
Sigmund is heavily wounded.
You block Sigmund's attack.
Unknown command.
You hit Sigmund.
Sigmund is heavily wounded.
You hit Sigmund.
Sigmund looks as sick as possible!
Sigmund is severely wounded.
Sigmund hits you with a +0 scythe.
* * * LOW HITPOINT WARNING * * *
Unknown command.
You hit Sigmund.
Sigmund looks as sick as possible!
Sigmund is severely wounded.
Sigmund casts a spell at you. The magic dart hits you!
You die...
Sigmund begins carving another notch in his scythe.

#. #. ####
#.##..
#....####
#$....?.##
#........###
#....@@....#
#.......##.#
#.<.....#
##......#
#......#
###+####


You could see Sigmund (extremely poisoned).

Vanquished Creatures
  A dart slug (D:1)
  2 bats (D:1)
  An endoplasm (D:1)
  2 giant cockroaches (D:1)
  A goblin (D:1)
  A hobgoblin (D:1)
  4 kobolds (D:1)
  A ball python (D:1)
  A frilled lizard (D:1)
  A rat (D:1)
15 creatures vanquished.

Notes
Turn   | Place    | Note
-------+----------+-------------------------------------------
     0 | D:1      | mopl the Merfolk Fighter began the quest for the Orb.
     0 | D:1      | Reached XP level 1. HP: 18/18 MP: 1/1
   169 | D:1      | Reached XP level 2. HP: 23/24 MP: 2/2
   301 | D:1      | Reached skill level 1 in Dodging
   657 | D:2      | Noticed Sigmund
   671 | D:2      | HP: 1/24 [Sigmund/+0 scythe (6)]
   672 | D:2      | Killed from afar by Sigmund

Illustrated notes

Levels and vault maps discovered:
D:1:      matt_arrival_diagonals, layout_loops_ring
D:2:      minmay_alternating_diamond, layout_basic, uniq_sigmund

Skill      XL: |  1  2 |
---------------+-------+-----
Dodging        | 1 |  1.1
Long Blades    | 3 |  3.1
Fighting       | |  3.5
Armour         | |  2.3
Shields        | |  3.0

Action                     || total
---------------------------++-------
  Melee: Long sword        ||    13
         Dagger            ||    39
 Armour: Scale mail        ||    30
  Dodge: Dodged            ||    22
  Block: Buckler           ||     9
